cohdb
Replays
Latest Replays
All Replays
Popular Replays
Top Player Replays
Match Explorer
How It Works
Community
CoH3 Stats
Reddit
Sign in to upload your games and track your stats! →
Sign in with Steam
Match 45815193
Unlisted
Match 45815193
Overview
Messages
Build Orders
End
250 Light Carrier
Selects Italian Combined Arms Battlegroup
Selects Bersaglieri Squad
Bersaglieri Squad
Bersaglieri Squad
Construct Light Support Kompanie
Bersaglieri Squad
Fire Support Elements
MG34 Team
Panzerjäger Mechanized Group
Flakvierling Half-track
Selects Semovente da 75/18 Assault Gun
Selects Strafing Run
Semovente da 75/18 Assault Gun
Pak 38 Anti-tank Gun Team
Strafing Run
2.5-tonne Medical Truck
Strafing Run
Norokozh
juand400
Stark -_-
Erron enjoyer
smug_master
Korto
Chieftain
[TW]S.C.
0
0
Comments
sign in to comment!
No comments posted yet!